[Event "Late-Titled-Tuesday-Blitz-March-26-2024"]
[Site "Chess.com"]
[Date "2024.03.26"]
[Round "3"]
[White "karinachess1"]
[Black "MoldyTofu"]
[Result "1-0"]
[WhiteElo "2577"]
[BlackElo "2056"]
[TimeControl "180+1"]
[EndTime "14:32:12 PDT"]
[Termination "karinachess1 won by checkmate"]

1. d4 Nf6 2. c4 g6 3. Nc3 Bg7 4. Nf3 d6 5. g3 O-O 6. Bg2 Nbd7 7.
O-O e5 8. e4 c5 9. dxc5 dxc5 10. Be3 Re8 11. h3 b6 12. Qc2 Bb7 13. Rad1 Qe7 14. Rd2 Nb8 15. Nd5 Bxd5 16. cxd5 Na6 17. a3 Qd6 18. Qc4 Nc7 19. Rc1 Rac8 20. b4 cxb4 21.
axb4 Qd7 22. Rdc2 Re7 23. Qc6 Nfe8 24. h4 h5 25. Qxd7 Rxd7 26. Bh3 Rcd8 27. Bxd7 Rxd7 28. Rc6 Kf8 29. Bg5 f6 30. Be3 Kf7 31. Kf1 Bf8 32.
Bd2 Na6 33. Rb1 Nd6 34. Re1 Nb5 35. Rc8 Be7 36. Ra8 Nac7 37. Rb8 Na6 38. Rc8 Nd6 39.
Rc2 Nb5 40. Rb2 Rc7 41. Ke2 Nd6 42. Kd3 Rc4 43. Rc2 Rxc2 44. Kxc2 Nb5 45. Kb3 Nd6 46.
Bc3 Nb5 47. Bd2 Nd6 48. Ra1 Nb8 49. Rxa7 Nxe4 50. Rb7 Na6 51. Rxb6 Nc7 52. Rb7 Nxd5 53. Be1 Nd6 54. Ra7 Ke8 55. Nd2 Nb5 56. Ra5 Ndc7 57. Ne4 Kd7 58. Nc3 Nd4+ 59. Kc4 Nc2 60. Bd2 Nxb4 61. Ra7 Nc6 62. Rb7 Kc8 63. Rb1 Na5+ 64.
Kd3 Nc6 65. Ne4 Kd7 66. Be3 Nd5 67. Rc1 Ncb4+ 68. Ke2 Ke6 69. Nc5+ Kf7 70. Nd3 Na6 71. Ra1 Nac7 72. Ra7 Nc3+ 73. Kd2 N3d5 74. Rb7 Ke8 75. Bc5 Bd8 76. Bd6 Kd7 77. Bxc7 Nxc7 78. Rb1 Kc8 79. Ke3 Be7 80. f4 exf4+ 81. Nxf4 g5 82. Nxh5 gxh4 83.
gxh4 f5 84. Rh1 Nd5+ 85. Kf3 Kd8 86. Ng3 f4 87. Ne2 Ke8 88. Nxf4 Nxf4 89. Kxf4 Kf7 90. Kf5 Kg7 91. h5 Kh7 92. Kg4 Bb4 93. Rd1 Bc3 94.
Rd7+ Kh8 95. Kf5 Kg8 96. Kg6 Kh8 97. Rd8# 1-0

[Event "Late-Titled-Tuesday-Blitz-March-26-2024"]
[Site "Chess.com"]
[Date "2024.03.26"]
[Round "3"]
[White "dawid498"]
[Black "FMYiLiu"]
[Result "0-1"]
[WhiteElo "2688"]
[BlackElo "2499"]
[TimeControl "180+1"]
[EndTime "14:32:13 PDT"]
[Termination "FMYiLiu won by checkmate"]

1. e4 e6 2. d4 d5 3. e5 c5 4. c3 Nc6 5. Nf3 Qb6 6. Bd3 cxd4 7. O-O Bd7 8. Re1 Nge7 9. h4 a6 10. h5 g6 11. Nbd2 gxh5 12. Nb3 dxc3 13. bxc3 Ng6 14.
Rb1 Qc7 15. Bxg6 hxg6 16. Bg5 Bg7 17. Qe2 b5 18. Qe3 Ne7 19. Nbd4 Rc8 20. Bf6 Bxf6 21. exf6 Ng8 22. Ne5 Nxf6 23. Qf4 Qd8 24. Nxd7 Kxd7 25. a4 Ke7 26. axb5 axb5 27. Rxb5 Qc7 28. Qg5 Qxc3 29. Rb7+ Rc7 30. Reb1 Qc5 31. Qe5 Rc8 32. Rxc7+ Rxc7 33.
Nf3 Qd6 34. Qg5 Rd7 35. g3 Rc7 36. Ne5 d4 37. Nd3 Qd5 38. Qf4 Rd7 39. Ne5 Ra7 40. Rd1 Ra4 41. Qg5 Rb4 42. Qf4 Ra4 43. Qg5 Rb4 44. Ra1 Rb7 45. Rd1 Rb5 46. Nc6+ Qxc6 47. Qf4 Qd5 48. Qc7+ Qd7 49. Qa7 Rd5 50. Qb7 d3 51.
Qb4+ Qd6 52. Qb7+ Qd7 53. Qb2 d2 54. Qa3+ Qd6 55. Qa8 Qd7 56. Qa3+ Qd6 57. Qa8 Ne4 58. Qa4 Qd7 59. Qxe4 Kf8 60. Qb4+ Kg7 61. Qc3+ e5 62. Qe3 Qd6 63. Qe4 Rd4 64. Qe3 Rd3 65. Qe4 Qd4 66. Qe2 g5 67. Kh2 Kg6 68. Kg2 f6 69. f3 h4 70. gxh4 gxh4 71. Kh1 Qd5 72. Qg2+ Kf7 73. Kh2 Qxf3 74. Qxf3 Rxf3 75. Rxd2 Ke6 76.
Ra2 e4 77. Ra4 Kf5 78. Kg2 Kf4 79. Rb4 f5 80. Rb5 h3+ 81. Kh2 Rd3 82. Rb8 Kf3 83.
Kxh3 e3 84. Rb5 f4 85. Kh4 e2 86. Re5 Re3 87. Rxe3+ fxe3 88. Kg5 e1=Q 89. Kf6 Qf2 90. Kg7 e2 91. Kh8 e1=Q 92. Kg7 Ke2 93. Kh8 Qeg1 94.
Kh7 Qfh2# 0-1

[Event "Late-Titled-Tuesday-Blitz-March-26-2024"]
[Site "Chess.com"]
[Date "2024.03.26"]
[Round "3"]
[White "MPCandelario"]
[Black "db-banana"]
[Result "1-0"]
[WhiteElo "2675"]
[BlackElo "2450"]
[TimeControl "180+1"]
[EndTime "14:32:18 PDT"]
[Termination "MPCandelario won by resignation"]

1. e4 c5 2. Nf3 Nc6 3. d4 cxd4 4. Nxd4 Nf6 5. Nxc6 bxc6 6. Bd3 d6 7. O-O e5 8. Kh1 Be7 9. f4 O-O 10. Nc3 Re8 11. fxe5 dxe5 12. Be3 Ng4 13. Bg1 Bg5 14. Bc4 Nh6 15. h3 Be6 16. Qe2 Bf4 17. Rad1 Qg5 18. Bxe6 Rxe6 19. Rd7 Ng4 20. Rfd1 Rf8 21. R1d3 Rh6 22.
R7d6 Nf6 23. Qf3 Nh5 24. Ne2 Rxd6 25. Rxd6 g6 26. Qd3 Kg7 27. Rxc6 Rd8 28. Rd6 Rxd6 29. Qxd6 Be3 30. Qd3 Bxg1 31. Kxg1 Qe7 32. c3 Qc5+ 33. Kh2 Qf2 34. Qf3 Qe1 35. b4 Qb1 36. a4 Nf6 37. Ng3 Qb3 38. a5 Qc4 39. Qe3 h5 40. Qe2 Qxc3 41. b5 Qd4 42. a6 h4 43. Nf1 Nxe4 44. Qe3 Qxe3 45. Nxe3 Nc5 46. b6 Nxa6 47. bxa7 Nc7 48.
Nc4 Na8 49. Nxe5 Kf6 50. Nf3 Ke6 51. Nxh4 Kd7 52. Nf3 Kc7 53. Ne5 f6 54. Nxg6 Kb7 55. Ne7 Nb6 56. Ng8 Nd7 57. Kg3 Kxa7 58. Kf4 Kb7 59. Kf5 Kc7 60. Nxf6 Nc5 61. h4 Kd8 62. h5 Ke7 63. g4 Kf7 64. g5 Nb3 65. Ng4 Nd4+ 66.
Kf4 Ne6+ 67. Kf5 Nd4+ 68. Ke4 Ne6 69. Ne5+ Kg7 70. h6+ Kh7 71. Kf5 Nd4+ 72. Kf6 Ne2 73. Nf7 Nf4 74. Ne5 Nd5+ 75. Ke6 Nf4+ 76. Kf5 Nd5 77.
Ng4 Ne7+ 78. Kf6 Nd5+ 79. Kf7 Nf4 80. Nf6+ Kh8 81. Nh5 Nh3 82. g6 Ng5+ 83. Kf6 Ne4+ 84.
Ke5 Ng5 85. Nf6 Nf7+ 86. Kf4 Nxh6 87. Kg5 Kg7 88. Nh5+ Kg8 89. Kxh6 Kh8 90. g7+ Kg8 91. Nf6+ Kf7 92. g8=Q+ Kxf6 93. Qg7+ 1-0

[Event "Late-Titled-Tuesday-Blitz-March-26-2024"]
[Site "Chess.com"]
[Date "2024.03.26"]
[Round "3"]
[White "jinbojinbo"]
[Black "Durarbayli"]
[Result "0-1"]
[WhiteElo "2640"]
[BlackElo "2935"]
[TimeControl "180+1"]
[EndTime "14:32:42 PDT"]
[Termination "Durarbayli won by resignation"]

1. e4 e5 2. Nf3 Nc6 3. Bb5 a6 4. Ba4 Nf6 5. O-O Be7 6. Re1 b5 7. Bb3 O-O 8. c3 d5 9. exd5 Nxd5 10. Nxe5 Nxe5 11. Rxe5 c6 12. d3 Bd6 13. Re1 Qh4 14. g3 Qh3 15. Re4 Nf6 16. Rh4 Qf5 17. Nd2 Ng4 18.
Ne4 Be7 19. h3 Ne5 20. Rf4 Qxh3 21. Qf1 Qxf1+ 22. Kxf1 Nxd3 23. Rf3 Bh3+ 24. Kg1 Ne5 25. Re3 Rad8 26. Ng5 Bxg5 27. Rxe5 Bf6 28. Rc5 Rc8 29. Be3 Rfd8 30. a4 Be7 31. Re5 Bd6 32. Rh5 Bg4 33. Rg5 h5 34. Bd4 Bf8 35. axb5 axb5 36.
Ra7 Rd7 37. Rxd7 Bxd7 38. Rxh5 c5 39. Be3 g6 40. Rh4 Bf5 41. g4 Be7 42. Rh2 Bxg4 43. Rg2 Bf5 44. Bg5 Bxg5 45. Rxg5 c4 46. Bd1 Rd8 47. Bf3 Rd2 48. Bc6 Rxb2 49. Rg3 Kg7 50.
Re3 Rb3 51. Re5 Rxc3 52. Bxb5 Rc1+ 53. Kh2 c3 54. Rc5 c2 55. Ba4 Ra1 56. Bxc2 Rc1 57. Rxf5 gxf5 58. Bxf5 Kf6 59. Bd3 Kg5 60. Be2 Rc3 61. Kg2 Kf4 62. Bh5 f6 63. Bg6 Ke5 64. Bh7 Kd6 65. Bg6 Kc5 66. Bf5 Kb4 67. Bg6 Ka3 68.
Bf5 Kb2 69. Bg6 Kc1 70. Bf5 Kd2 71. Bg6 Ke1 72. f4 Kd2 73. Kf2 Kc1 74. Be4 Kb2 75. Ke2 Ka3 76. Bd3 Kb4 77. Ke3 Kc5 78. Ke4 Kd6 79. Be2 Rc5 80. Bg4 Ra5 81. Bc8 Ke7 82.
Bb7 Kf7 83. Bc8 Rc5 84. Bd7 Kg6 85. Be6 Kh5 86. Bd7 Kh4 87. Be6 Kg3 88. Bf7 Ra5 89. Bd5 Ra4+ 90. Kf5 Rxf4+ 91. Kg6 Kf2 92. Be6 Ke3 93.
Bf5 Rd4 94. Kxf6 Kf4 95. Be6 Rd6 96. Ke7 Ke5 97. Bf7 Rb6 98. Kf8 Rb7 99. Kg8 Kf5 100. Bc4 Kf6 101. Kh8 Kg6 102. Bg8 Rc7 103. Bd5 Rc5 104. Be4+ Kf6 105. Bh7 Kf7 106. Bg8+ Kf8 107. Bh7 Rg5 108. Bd3 Rg3 109. Bh7 Rg2 110. Be4 Rg8+ 111. Kh7 Rg4 112. Bf5 Rg5 113. Bc2 Kf7 114. Kh8 Rc5 115. Bh7 Rc8+ 116. Bg8+ Rxg8+ 117.
Kh7 Rg6 0-1

[Event "Late-Titled-Tuesday-Blitz-March-26-2024"]
[Site "Chess.com"]
[Date "2024.03.26"]
[Round "3"]
[White "Zhigalko_Sergei"]
[Black "Boundless_Strike"]
[Result "1-0"]
[WhiteElo "2895"]
[BlackElo "2619"]
[TimeControl "180+1"]
[EndTime "14:33:01 PDT"]
[Termination "Zhigalko_Sergei won by resignation"]

1. e4 e6 2. d4 d5 3. e5 c5 4. c3 Qb6 5. Nf3 Nc6 6. a3 Nh6 7.
b4 cxd4 8. cxd4 Nf5 9. Be3 f6 10.
exf6 gxf6 11. Bd3 Nxe3 12. fxe3 Bh6 13. Qe2 Bd7 14. O-O O-O-O 15. Nc3 Ne7 16. e4 Kb8 17. exd5 Nxd5 18. Nxd5 exd5 19. Kh1 Rde8 20. Qf2 Rhg8 21.
Qh4 Be3 22. Rae1 Qd6 23. Re2 h6 24. Bh7 Bg5 25. Qf2 Rxe2 26. Qxe2 Re8 27. Qd1 Bb5 28. Bd3 Bd7 29. Qc2 Bg4 30. Nxg5 fxg5 31. h3 Bd7 32.
Bf5 Bb5 33. Bd3 Bd7 34. Qf2 a6 35. Qf3 Ka7 36. Qf2 Qe7 37. Bg6 Rc8 38. Qf7 Qd6 39.
Qf6 Rc6 40. Qxd6 Rxd6 41. Bf7 Rc6 42. Bxd5 Rd6 43. Bf3 Rxd4 44. Re1 Rd3 45. Re7 Kb6 46.
Be4 Rd4 47. Bf3 Rd3 48. Be4 Rd4 49. Kh2 Bc6 50. Bxc6 bxc6 51. Rh7 Rd3 52. a4 Ra3 53.
a5+ Kb5 54. Rxh6 Kxb4 55. Rxc6 Rxa5 56. Rg6 Re5 57. Rxa6 Kc4 58. Rd6 Kc5 59. Rd1 Re4 60. Kg3 Kc6 61. Kf3 Rf4+ 62. Kg3 Re4 63. Rd3 Rc4 64. Kf3 Rb4 65. Ke3 Ra4 66. Rd4 Ra3+ 67. Kf2 Ra5 68. Kf3 Re5 69. Re4 Rf5+ 70. Kg4 Rd5 71. Re6+ Kd7 72. Rg6 Rd2 73. g3 Rd5 74. Rxg5 Rd4+ 75. Kh5 Ke7 76. h4 Kf7 77. g4 Rd8 78.
Rf5+ Kg7 79. Kg5 Rd6 80. h5 Rd7 81. Re5 Rb7 82. Kh4 Rb1 83. Rf5 Rb4 84. Kg5 Rb7 85.
Rd5 Rc7 86. Kf4 Kh6 87. Rd6+ Kg7 88. Ra6 Kh7 89. Kg3 Rc3+ 90. Kh4 Rc7 91. Ra4 Rb7 92. g5 Rc7 93. Rf4 Rb7 94. Kg4 Ra7 95. Re4 Rb7 96. Kf5 Rb5+ 97. Re5 Rb7 98. Kf6 Rb1 99. Re7+ Kg8 100.
h6 Rb6+ 101. Kf5 Kh8 102. Rd7 Kg8 103. g6 Rb5+ 104. Ke6 Rb6+ 105. Rd6 Rb8 106. Ke7 Rb7+ 107. Rd7 Rb8 108. Rd8+ Rxd8 109. Kxd8 1-0

[Event "Late-Titled-Tuesday-Blitz-March-26-2024"]
[Site "Chess.com"]
[Date "2024.03.26"]
[Round "3"]
[White "Sina_Movahed"]
[Black "AnthonyWirig"]
[Result "0-1"]
[WhiteElo "3058"]
[BlackElo "2834"]
[TimeControl "180+1"]
[EndTime "14:33:24 PDT"]
[Termination "AnthonyWirig won by resignation"]

1. Nf3 c5 2. e4 e6 3. d4 cxd4 4. Nxd4 Nf6 5. Nc3 Nc6 6. Nxc6 bxc6 7. e5 Nd5 8. Ne4 Qc7 9. f4 Qb6 10. c4 Bb4+ 11. Ke2 f5 12. Nf2 Qa6 13. Kf3 Nc7 14.
a3 Be7 15. h4 c5 16. Kg3 d6 17. exd6 Bxd6 18. b4 e5 19. Qe1 e4 20. Kh2 Ne6 21. g3 O-O 22. Be3 Qc6 23. Rd1 a5 24. b5 Qc7 25. Bg2 Nxf4 26. gxf4 Bxf4+ 27. Kg1 Be6 28. Nh3 Bg3 29. Qc3 Rad8 30. Rxd8 Rxd8 31.
Ng5 Rd3 32. Nxe6 Rxc3 33. Nxc7 Rxe3 34. Nd5 Rxa3 35. Rh3 Ra1+ 36. Bf1 f4 37. b6 Rb1 38. Kg2 Rb2+ 39. Kg1 a4 40. Nxf4 Bxf4 41. Ra3 Rxb6 42. Rxa4 Kf7 43. Bg2 Rb1+ 44. Kf2 Rb2+ 45. Kf1 e3 46. Bd5+ Kf6 47. Ra3 Rf2+ 48. Ke1 Rh2 49. Kf1 Rxh4 50. Ke2 g5 51. Ra6+ Kf5 52. Kd3 Rh2 53.
Be6+ Ke5 54. Bg4 Rd2+ 55. Kc3 Bg3 56. Re6+ Kf4 57. Bh5 Be1 58. Kb3 Rd4 59. Rf6+ Ke5 60. Rf8 Bd2 61. Be2 Rd6 62. Ka4 Rb6 63. Re8+ Kd4 64.
Rd8+ Kc3 65. Rd3+ Kc2 66. Rd5 Rb4+ 67. Ka3 Rb3+ 68. Ka4 Rb4+ 69. Ka5 Rxc4+ 70. Kb5 Rb4+ 71. Kxc5 Rf4 72. Rxg5 Rf2 73. Bc4 e2 74. Bxe2 Rxe2 75. Rh5 h6 76. Kd5 Rg2 77. Rh3 Rg5+ 78. Ke4 Rg4+ 79.
Kf5 Ra4 80. Kg6 Kd1 81. Rh1+ Ke2 82. Rh2+ Kd3 83. Rh3+ Be3 84. Rh1 Ke4 85. Kh5 Bf4 86. Kg4 Be3 87. Rf1 Ra5 88. Kh3 Rh5+ 89. Kg2 Rg5+ 90.
Kh1 Rh5+ 91. Kg2 Bf4 92. Rb1 Kf5 93. Rb5+ Be5 94. Rb3 Rh2+ 95. Kg1 Rd2 96. Rh3 Bf4 97. Rb3 Kg4 98. Rb7 h5 99. Rg7+ Bg5 100. Rb7 Bf4 101. Rb4 Kf3 102. Rb1 h4 103. Kh1 Rh2+ 104. Kg1 Rh3 105. Rf1+ Kg3 106. Re1 Kg4 107. Kg2 Rh2+ 108. Kg1 h3 109. Rf1 Rg2+ 110. Kh1 Rb2 111. Rg1+ Kh4 112. Rf1 Kg3 113. Rg1+ Kf3 114. Rf1+ Ke4 115. Re1+ Kf5 116. Rf1 Rh2+ 117. Kg1 Rg2+ 118. Kh1 Rc2 119. Re1 Bg3 120. Rf1+ Kg4 121. Kg1 Rg2+ 122. Kh1 Rh2+ 123. Kg1 Re2 124. Kh1 Bf4 125. Rg1+ Kh4 126. Rf1 Be3 127. Rd1 Kg3 0-1

[Event "Late-Titled-Tuesday-Blitz-March-26-2024"]
[Site "Chess.com"]
[Date "2024.03.26"]
[Round "3"]
[White "Houdinovic"]
[Black "Hrant_ChessMood"]
[Result "0-1"]
[WhiteElo "2730"]
[BlackElo "2948"]
[TimeControl "180+1"]
[EndTime "14:33:26 PDT"]
[Termination "Hrant_ChessMood won by resignation"]

1. d4 Nf6 2. c4 g6 3. Nc3 Bg7 4. e4 d6 5. Nf3 O-O 6. Be2 c5 7. O-O Re8 8. h3 cxd4 9. Nxd4 Nc6 10. Be3 Nxd4 11. Bxd4 Bd7 12. Qd3 a5 13. b3 Bc6 14.
Rad1 Nd7 15. Bxg7 Kxg7 16. Bg4 Nf6 17. Qe3 Qb8 18. Qe2 e5 19. Rd3 b5 20. cxb5 Bxb5 21. Nxb5 Qxb5 22. Rxd6 Qxe2 23. Bxe2 Nxe4 24. Rd7 Nf6 25. Rb7 Reb8 26. Rxb8 Rxb8 27. Rc1 Ne4 28. Rc7 Kf6 29. Ra7 Rd8 30. Rxa5 Rd2 31. Ra6+ Kg7 32.
Bc4 Rxf2 33. Ra7 Rf4 34. a4 Nd6 35. Rc7 e4 36. a5 e3 37. Be2 Rf2 38. Bf3 Ra2 39. Re7 Nf5 40. Re5 Nd4 41. a6 Rxa6 42. Rxe3 Ra1+ 43. Kh2 Rb1 44. Bd5 Rf1 45. Bc4 Rf6 46.
Rd3 Nc6 47. Rd5 Nb4 48. Rb5 Nc2 49. Rb7 Ne3 50. Bd3 Rf2 51. Kg3 Rf6 52. Be4 h5 53. h4 Nf1+ 54. Kh3 Nd2 55. Bd5 Rf5 56. Rd7 Nf1 57.
Bc4 Ne3 58. Bd3 Rf2 59. Rd4 Rxg2 60. Re4 Rb2 61. Rxe3 Rxb3 62. Kg3 Rb4 63. Be4 Rd4 64. Bf3 Rb4 65. Re7 Rb6 66. Rd7 Rf6 67. Bd5 Rf5 68.
Bf3 Rf6 69. Rd4 Rf5 70. Re4 Rc5 71. Rb4 Rc7 72. Ra4 Rd7 73. Ra5 Re7 74. Rc5 Rd7 75.
Rc4 Re7 76. Rf4 Rd7 77. Kf2 Rd6 78. Ke3 Rf6 79. Rd4 Re6+ 80. Kf4 Rf6+ 81. Ke4 Re6+ 82.
Kd5 Rf6 83. Be2 Rf2 84. Bd3 Rf3 85. Kd6 Kf6 86. Bc4 Rf2 87. Kc5 Rf5+ 88. Kb4 Ke5 89. Rd5+ Kf4 90. Rd7 Kg3 91. Bxf7 Rf6 92. Bc4 Kxh4 93.
Rd4+ Kg3 94. Rd3+ Kh4 95. Rd4+ Kg3 96. Rd3+ Kf2 97. Rd4 g5 98. Rd5 Rg6 99. Rf5+ Ke3 100. Bf7 Rb6+ 101. Ka5 Rh6 102. Rxg5 h4 103. Rg1 h3 104.
Re1+ Kf2 105. Rc1 h2 106. Kb4 h1=Q 107. Rxh1 Rxh1 108. Bd5 Rh4+ 109. Kc5 Ke3 110. Bc4 Rh5+ 111. Bd5 Kd3 112. Kd6 Kd4 113. Be6 Rh6 114. Ke7 Ke5 115. Bf7 Rh7 116. Kf8 Kf6 117. Bc4 Rc7 118. Bb5 Rc8+ 119. Be8 Rb8 120. Kg8 Rxe8+ 121. Kh7 Rf8 0-1

[Event "Late-Titled-Tuesday-Blitz-March-26-2024"]
[Site "Chess.com"]
[Date "2024.03.26"]
[Round "4"]
[White "The_Straightforward_Rook"]
[Black "Sanyura"]
[Result "0-1"]
[WhiteElo "2382"]
[BlackElo "2582"]
[TimeControl "180+1"]
[EndTime "14:34:47 PDT"]
[Termination "Sanyura won by resignation"]

1. Nf3 Nf6 2. g3 b6 3. Bg2 Bb7 4. O-O g6 5. b3 Bg7 6. Bb2 O-O 7. c4 c5 8. d3 Nc6 9. e3 d5 10. cxd5 Nxd5 11. Bxg7 Kxg7 12. Qe2 Qd6 13. Rd1 Rad8 14. Nbd2 Nc3 15. Qe1 Nxd1 16. Rxd1 Qxd3 0-1

[Event "Late-Titled-Tuesday-Blitz-March-26-2024"]
[Site "Chess.com"]
[Date "2024.03.26"]
[Round "4"]
[White "BebeBonito2022"]
[Black "Christian_Jordan"]
[Result "1-0"]
[WhiteElo "2298"]
[BlackElo "2034"]
[TimeControl "180+1"]
[EndTime "14:35:07 PDT"]
[Termination "BebeBonito2022 won by resignation"]

1. d4 e6 2. c4 b6 3. a3 Bb7 4.
Nf3 f5 5. Nc3 Nf6 6. d5 g6 7. g3 Bg7 8. Bg2 O-O 9. O-O Na6 10.
Nd4 Qe7 11. d6 1-0

[Event "Late-Titled-Tuesday-Blitz-March-26-2024"]
[Site "Chess.com"]
[Date "2024.03.26"]
[Round "4"]
[White "Tol_Tol"]
[Black "gorgeous1083"]
[Result "1-0"]
[WhiteElo "2302"]
[BlackElo "2050"]
[TimeControl "180+1"]
[EndTime "14:36:13 PDT"]
[Termination "Tol_Tol won by resignation"]

1. d4 Nf6 2. c4 e6 3. Nc3 Bb4 4. e3 O-O 5. Bd3 Re8 6. Nf3 d5 7.
O-O c5 8. a3 Bxc3 9. bxc3 Na6 10.
Ne5 b6 11. f4 Bb7 12. cxd5 Nxd5 13. Qh5 f5 14. Qf7+ Kh8 15. Qxb7 Nac7 16. Nf7+ 1-0

[Event "Late-Titled-Tuesday-Blitz-March-26-2024"]
[Site "Chess.com"]
[Date "2024.03.26"]
[Round "4"]
[White "Felix-Rose"]
[Black "Brahianzevich"]
[Result "0-1"]
[WhiteElo "2251"]
[BlackElo "2482"]
[TimeControl "180+1"]
[EndTime "14:36:26 PDT"]
[Termination "Brahianzevich won by resignation"]

1. e4 c5 2. Nf3 g6 3. d4 cxd4 4.
Qxd4 Nf6 5. Nc3 Nc6 6. Qa4 d6 7. e5 dxe5 8. Nxe5 Qd4 9. Nxc6 Qxa4 10. Nxa4 bxc6 11. Be3 e5 12. Be2 Nd5 13. Bc5 Bf5 14. O-O-O O-O-O 15. Bxa7 Bh6+ 16. Kb1 Nb4 17. Rxd8+ Rxd8 18. Bd1 Rxd1+ 19. Rxd1 Bxc2+ 0-1

[Event "Late-Titled-Tuesday-Blitz-March-26-2024"]
[Site "Chess.com"]
[Date "2024.03.26"]
[Round "4"]
[White "mishanick"]
[Black "PapaieDudu"]
[Result "1-0"]
[WhiteElo "3036"]
[BlackElo "2427"]
[TimeControl "180+1"]
[EndTime "14:36:28 PDT"]
[Termination "mishanick won by resignation"]

1. d4 d5 2. c4 e6 3. Nc3 Nf6 4. Bg5 dxc4 5. e4 c5 6. Nf3 Nc6 7. d5 exd5 8. exd5 Nb4 9. Bxc4 Be7 10. O-O O-O 11. Re1 Re8 12. a3 Na6 13. d6 Qxd6 14. Bxf6 Qxf6 15. Nd5 Qh6 16. Nxe7+ Kh8 17. Ne5 Rf8 18.
Nxf7+ Rxf7 19. Qd8+ 1-0

[Event "Late-Titled-Tuesday-Blitz-March-26-2024"]
[Site "Chess.com"]
[Date "2024.03.26"]
[Round "4"]
[White "TrahtarBelarus"]
[Black "yujiarun18"]
[Result "1-0"]
[WhiteElo "2880"]
[BlackElo "2121"]
[TimeControl "180+1"]
[EndTime "14:36:36 PDT"]
[Termination "TrahtarBelarus won by resignation"]

1. c4 e6 2. Nf3 d5 3. g3 Nf6 4. Bg2 Be7 5. O-O O-O 6. b3 c6 7. Bb2 Nbd7 8. d4 Bd6 9. Nc3 a6 10. Qd3 Re8 11. e4 dxe4 12. Nxe4 Nxe4 13. Qxe4 Nf6 14.
Qe2 Bc7 15. Rad1 Qe7 16. Ne5 Bd7 17. f4 Rad8 18. g4 Bc8 19. g5 Nd7 20. h4 f6 21.
Ng4 Qf7 22. h5 Qxh5 23. Nh6+ 1-0

[Event "Late-Titled-Tuesday-Blitz-March-26-2024"]
[Site "Chess.com"]
[Date "2024.03.26"]
[Round "4"]
[White "FMYiLiu"]
[Black "Josetricks"]
[Result "0-1"]
[WhiteElo "2495"]
[BlackElo "2703"]
[TimeControl "180+1"]
[EndTime "14:36:38 PDT"]
[Termination "Josetricks won by resignation"]

1. d4 g6 2. e4 Bg7 3. c3 c6 4. h4 d5 5. e5 f6 6. Nf3 Bg4 7. Be2 Bxf3 8. Bxf3 fxe5 9. h5 e4 10. Be2 Nd7 11. Bf4 e5 12. dxe5 g5 13. h6 Bxe5 14. Bh5+ Kf8 15. Bxe5 Nxe5 16. Qd4 Nd3+ 17. Ke2 Qf6 18.
Qe3 Nxh6 0-1

[Event "Late-Titled-Tuesday-Blitz-March-26-2024"]
[Site "Chess.com"]
[Date "2024.03.26"]
[Round "4"]
[White "DanielDardha2005"]
[Black "AryanTari"]
[Result "1-0"]
[WhiteElo "2868"]
[BlackElo "2990"]
[TimeControl "180+1"]
[EndTime "14:36:48 PDT"]
[Termination "DanielDardha2005 won by resignation"]

1. d4 Nf6 2. Bg5 d5 3. e3 c5 4. Bxf6 gxf6 5. dxc5 e6 6. Nf3 Bxc5 7. Be2 Nc6 8. O-O Be7 9. c4 dxc4 10. Qa4 Bd7 11. Qxc4 Rc8 12. Nc3 f5 13. Rfd1 a6 14. Qf4 Bf6 15. e4 Bxc3 16. bxc3 fxe4 17. Ng5 f5 18. Bh5+ Ke7 19. Nf7 Qc7 20. Qg5+ Kf8 1-0

[Event "Late-Titled-Tuesday-Blitz-March-26-2024"]
[Site "Chess.com"]
[Date "2024.03.26"]
[Round "4"]
[White "wanyaland"]
[Black "RandomNoob04"]
[Result "0-1"]
[WhiteElo "2412"]
[BlackElo "2667"]
[TimeControl "180+1"]
[EndTime "14:36:55 PDT"]
[Termination "RandomNoob04 won by resignation"]

1. d4 Nf6 2. c4 c5 3. d5 b5 4. cxb5 a6 5. Nc3 axb5 6. e4 Qa5 7. e5 Ne4 8. Bd2 Nxd2 9. Qxd2 b4 10. Ne4 d6 11. Nf3 Bg4 12. exd6 exd6 13. Be2 Be7 14. O-O O-O 15. Qf4 Bxf3 16. Bxf3 Qc7 17. Rfe1 Nd7 18.
g3 Ne5 19. Be2 h6 20. a3 f5 21. Nd2 Bg5 0-1

[Event "Late-Titled-Tuesday-Blitz-March-26-2024"]
[Site "Chess.com"]
[Date "2024.03.26"]
[Round "4"]
[White "AsaHoffmann"]
[Black "OriTaichman"]
[Result "0-1"]
[WhiteElo "2419"]
[BlackElo "2623"]
[TimeControl "180+1"]
[EndTime "14:37:02 PDT"]
[Termination "OriTaichman won by checkmate"]

1. d4 Nf6 2. Bg5 Ne4 3. Bf4 c5 4. f3 Qa5+ 5. c3 Nf6 6. d5 e6 7. e4 Qb6 8. Na3 exd5 9. exd5 Nxd5 10. Qxd5 Qxb2 11. Nb5 Qxa1+ 12. Kf2 Na6 13. Bc4 Be7 14.
Qxf7+ Kd8 15. Qxg7 Re8 16. Nd6 Bxd6 17. Bxd6 Qe1# 0-1

[Event "Late-Titled-Tuesday-Blitz-March-26-2024"]
[Site "Chess.com"]
[Date "2024.03.26"]
[Round "4"]
[White "kids2010"]
[Black "blank0923"]
[Result "1-0"]
[WhiteElo "2806"]
[BlackElo "2580"]
[TimeControl "180+1"]
[EndTime "14:37:07 PDT"]
[Termination "kids2010 won by resignation"]

1. e4 e5 2. Nc3 Nf6 3. Nf3 Nc6 4.
Bb5 Bb4 5. O-O O-O 6. d3 d6 7. Ne2 Ne7 8. Ng3 h6 9. c3 Ba5 10. h3 Ng6 11. d4 c6 12. Bd3 Re8 13. Qc2 Bc7 14. b3 Be6 15. Rd1 Qe7 16. Ba3 Qd7 17.
dxe5 dxe5 18. Bc4 Qc8 19. Bxe6 Qxe6 20. Nf5 Rad8 21. g3 Nf8 22. Kg2 g6 23. Nxh6+ Kg7 24. Ng5 Qc8 25. Nhxf7 Rxd1 26. Rxd1 1-0

[Event "Late-Titled-Tuesday-Blitz-March-26-2024"]
[Site "Chess.com"]
[Date "2024.03.26"]
[Round "4"]
[White "ChessSwole"]
[Black "Road2GM3000"]
[Result "1-0"]
[WhiteElo "2668"]
[BlackElo "2412"]
[TimeControl "180+1"]
[EndTime "14:37:17 PDT"]
[Termination "ChessSwole won by resignation"]

1. e4 c5 2. Nf3 d6 3. d4 cxd4 4.
Nxd4 Nc6 5. Nc3 g6 6. Be3 Bg7 7. Bc4 e6 8. Ndb5 d5 9. exd5 Na5 10. dxe6 Qxd1+ 11. Rxd1 Nxc4 12. Nc7+ Ke7 13. Bc5+ Kf6 14.
Bd4+ Ne5 15. f4 fxe6 16. fxe5+ Ke7 17. Bc5+ 1-0

[Event "Late-Titled-Tuesday-Blitz-March-26-2024"]
[Site "Chess.com"]
[Date "2024.03.26"]
[Round "4"]
[White "Stanbad1"]
[Black "Shiner22"]
[Result "1-0"]
[WhiteElo "2645"]
[BlackElo "2397"]
[TimeControl "180+1"]
[EndTime "14:37:21 PDT"]
[Termination "Stanbad1 won by resignation"]

1. d4 Nf6 2. c4 e6 3. Nf3 b6 4. g3 Bb7 5. Bg2 Be7 6. O-O O-O 7. Nc3 Ne4 8. Bd2 f5 9. Qc2 Nxc3 10. Bxc3 a5 11. d5 Bf6 12. Rad1 Bxc3 13. Qxc3 Qf6 14. Qxf6 Rxf6 15. dxe6 dxe6 16. Ne5 Bxg2 17. Kxg2 Rf8 18. Nd7 Re8 19. Ne5 Kf8 20. Rd2 Ke7 21. Rfd1 Kf6 22. f4 g5 23. e3 h5 24. Rd8 Na6 25. R8d7 Re7 26. Rxe7 Kxe7 27. Rd7+ Ke8 28. Rh7 Rd8 29. Rh8+ Ke7 30. Nc6+ 1-0

[Event "Late-Titled-Tuesday-Blitz-March-26-2024"]
[Site "Chess.com"]
[Date "2024.03.26"]
[Round "4"]
[White "giomar27"]
[Black "giovannibrandao7"]
[Result "1-0"]
[WhiteElo "2437"]
[BlackElo "2161"]
[TimeControl "180+1"]
[EndTime "14:37:22 PDT"]
[Termination "giomar27 won by resignation"]

1. e4 c5 2. Nf3 d6 3. d4 cxd4 4.
Nxd4 Nf6 5. Nc3 a6 6. Bc4 e6 7. Bb3 Be7 8. g4 O-O 9. g5 Nfd7 10. Rg1 Nc6 11. Be3 Qc7 12. Qh5 Re8 13. O-O-O Nf8 14. f4 b5 15. a3 g6 16. Qh6 Bb7 17. f5 exf5 18. Nd5 Qd8 19. Nxc6 Bxc6 20. Bb6 Qd7 21. Nf6+ Bxf6 22. gxf6 Ne6 1-0

[Event "Late-Titled-Tuesday-Blitz-March-26-2024"]
[Site "Chess.com"]
[Date "2024.03.26"]
[Round "4"]
[White "Bkmzzzzz"]
[Black "Evandro_Barbosa"]
[Result "0-1"]
[WhiteElo "2402"]
[BlackElo "2671"]
[TimeControl "180+1"]
[EndTime "14:37:24 PDT"]
[Termination "Evandro_Barbosa won by resignation"]

1. e4 c5 2. Nf3 e6 3. d3 Nc6 4. g3 g6 5. Bg2 Bg7 6. O-O e5 7.
c3 Nge7 8. Be3 d6 9. d4 exd4 10. cxd4 Bg4 11. dxc5 dxc5 12. Qc1 Bxf3 13. Bxf3 Nd4 14.
Bxd4 Bxd4 15. Nc3 O-O 16. Rd1 Qb6 17. Rb1 Rad8 18. b3 Qf6 19. Rd3 Bxf2+ 0-1

[Event "Late-Titled-Tuesday-Blitz-March-26-2024"]
[Site "Chess.com"]
[Date "2024.03.26"]
[Round "4"]
[White "ProfessorChess101"]
[Black "vangulio"]
[Result "1-0"]
[WhiteElo "2775"]
[BlackElo "2552"]
[TimeControl "180+1"]
[EndTime "14:37:27 PDT"]
[Termination "ProfessorChess101 won by resignation"]

1. e4 c5 2. Nc3 Nc6 3. Bb5 Nd4 4.
Nf3 Nxb5 5. Nxb5 d6 6. d4 a6 7. Nc3 cxd4 8. Qxd4 Nf6 9. Bg5 e6 10. O-O-O Be7 11. Bxf6 Bxf6 12. Qxd6 Qxd6 13. Rxd6 Bxc3 14. bxc3 Ke7 15. Rhd1 f6 16. e5 Rf8 17. R1d2 fxe5 18. Nxe5 Rxf2 19. R6d4 Rxd2 20. Kxd2 a5 21. Rf4 Kd6 22.
Nc4+ Kc5 23. Ne3 Ra6 24. Rc4+ 1-0